 Dungeon Crawl Stone Soup version 0.26-a0-964-g69f9a3b9e2 (webtiles) character file.

Game seed: 3226507089946596071

2537 lunkers the Cleaver (level 9, -1/85 HPs)
             Began as a Hill Orc Necromancer on Dec 3, 2020.
             Was a Believer of Ru.
             Slain by a shadow (15 damage)
             ... on level 9 of the Dungeon.
             The game lasted 00:21:40 (13261 turns).

lunkers the Cleaver (Hill Orc Necromancer)         Turns: 13261, Time: 00:21:41

Health: -1/85      AC: 14    Str: 13    XL:     9   Next: 55%
Magic:  20/20      EV: 26    Int: 16    God:    Ru [**....]
Gold:   507        SH:  5    Dex: 11    Spells: 3/11 levels left

rFire    . . .     SeeInvis .   w - +1 war axe (elec)
rCold    + . .     Faith    .   C - +1 buckler
rNeg     . . .     Spirit   .   b - +1 leather armour {rC+}
rPois    .         Reflect  .   P - +2 helmet
rElec    .         Harm     .   (no cloak)
rCorr    .         Rampage  .   o - +2 pair of gloves
MR       .....                  (no boots)
Stlth    +.........             z - amulet of the acrobat
HPRegen  0.24/turn              c - +4 ring of protection
MPRegen  0.17/turn              e - ring of magical power

@: acrobat
A: inexperienced 1
a: Sacrifice Arcana, Sacrifice Health, Sacrifice Artifice, Reject Sacrifices,
Renounce Religion


You were on level 9 of the Dungeon.
You worshipped Ru.
Ru was pleased with you.
You visited 2 branches of the dungeon, and saw 10 of its levels.
You also visited: Sewer.

You collected 507 gold pieces.

Inventory:

Hand Weapons
 w - a +1 war axe of electrocution (weapon)
Missiles
 m - 6 atropa-tipped darts
 x - 22 poisoned darts
Armour
 a - a +0 robe
 b - a +1 leather armour of cold resistance (worn)
 o - a +2 pair of gloves (worn)
 C - a +1 buckler (worn)
 P - a +2 helmet (worn)
Jewellery
 c - a +4 ring of protection (left hand)
 e - a ring of magical power (right hand)
 z - an amulet of the acrobat (around neck)
Wands
 t - a wand of polymorph (11)
 B - a wand of enslavement (8)
 F - a wand of paralysis (11)
 H - a wand of random effects (18)
Scrolls
 g - 2 scrolls of enchant armour
 h - a scroll of identify
 j - 2 scrolls of magic mapping
 k - 6 scrolls of amnesia
 n - 3 scrolls of fog
 r - a scroll of blinking
 v - 4 scrolls of teleportation
 y - 2 scrolls of remove curse
Potions
 d - a potion of brilliance
 f - 4 potions of curing
 i - 2 potions of might
 p - a potion of haste
 q - 2 potions of flight
 E - a potion of attraction
 G - a potion of lignification
 J - a potion of magic
 K - a potion of ambrosia


   Skills:
 + Level 10.1 Fighting
 * Level 11.5 Axes
 - Level 1.5 Dodging
 - Level 1.5 Stealth
 - Level 4.0 Shields
 - Level 1.5 Spellcasting
 - Level 8.0 Necromancy


You had 3 spell levels left.
You knew the following spells:

 Your Spells              Type           Power        Failure   Level
a - Pain                  Necr           ####         1%          1
b - Vampiric Draining     Necr           ####......   3%          3
c - Animate Dead          Necr           ####......   11%         4

Your spell library contained the following spells:

 Spells                   Type           Power        Failure   Level
 Animate Skeleton         Necr           ####..       1%          1
 Magic Dart               Conj           #...         28%         1
 Sandblast                Erth           #.....       28%         1
 Blink                    Tloc           N/A          38%         2
 Call Imp                 Summ           #.......     38%         2
 Passwall                 Tmut/Erth      #.......     38%         2
 Slow                     Hex            #.......     38%         2
 Conjure Flame            Conj/Fire      #.......     63%         3
 Mephitic Cloud           Conj/Pois/Air  #.......     63%         3
 Stone Arrow              Conj/Erth      #.....       63%         3
 Agony                    Necr           ####....     28%         5
 Borgnjor's Vile Clutch   Necr/Erth      ##........   83%         5
 Lee's Rapid Deconstruct  Erth           #.........   100%        5


Dungeon Overview and Level Annotations

Branches:
Dungeon (9/15)             Temple (1/1) D:5           Sewer (visited)
   Lair: D:8-11         Orc: D:9-12

Altars:
Ashenzari
Cheibriados
Dithmenos
Elyvilon
Fedhas
Gozag
Hepliaklqana
Kikubaaqudgha
Makhleb
Nemelex Xobeh
Okawaru
Qazlal
Ru
Sif Muna
Trog
Uskayaw
Vehumet
Wu Jian
Xom
Yredelemnul
Zin
The Shining One

Shops:
D:5 =   D:7 [

Annotations:
D:3 2 transporters
D:5 4 transporters, Ludicrosity's ghost, amateur DsIE


Innate Abilities, Weirdness & Mutations

You are somewhat inexperienced. (-2 XL)


Message History

The shadow strikes at you from the darkness!
* * * LOW HITPOINT WARNING * * *
Reactivating autopickup.
As you read the scroll of teleportation, it crumbles to dust.
You feel strangely unstable.
The ogre zombie hits you but does no damage.
The shadow hits you.
* * * LOW HITPOINT WARNING * * *
Unknown command.
Unknown command.
The shadow slips into darkness.
The shadow flickers and vanishes!
Deactivating autopickup; reactivate with Ctrl-A.
Your surroundings seem slightly different.
There is a strange disturbance nearby!
There is a strange disturbance nearby!
There is a strange disturbance nearby!
There is a strange disturbance nearby!
The shadow strikes at you from the darkness!
You die...

# #. #......# .....
#.#.# #...#..#######
...
##.#.########.........
...
+...........'.........
...
##.#...######.........
#'###
#...###############
#.#.. #.......#
#Z#.#####..####.#
#Z#.#.....@.....# #
#.#.#Z####.########
#.#.)Z...(...........
##.#{#.##.###...#####
#...(#....###...####
#..#(####.........).#
#..#.####.###.#####.#
#. #(..†..# #... #.
######## #####


You could see an ogre zombie.

Vanquished Creatures
  Erica (D:9)
  A two-headed ogre zombie (D:9)
  A water moccasin (Sewer)
  5 orc warriors
  2 ice beasts (D:7)
  2 phantoms (D:5)
  2 ogres
  2 sky beasts
  A centaur (D:7)
  A big kobold (D:7)
  An elf zombie (D:4)
  A bullfrog (D:6)
  An elf skeleton (D:4)
  A scorpion (D:4)
  6 killer bees (D:6)
  6 wights
  A howler monkey (D:9)
  2 bullfrog zombies
  2 centaur zombies
  A quasit (D:9)
  9 orc wizards
  4 hounds
  3 jellies
  6 orc priests
  A bullfrog skeleton (D:6)
  2 worker ants (D:5)
  3 human skeletons (D:4)
  8 adders
  7 gnolls
  A river rat (D:4)
  A shadow imp (D:5)
  An ufetubus (D:7)
  An ooze (D:3)
  An adder skeleton (D:6)
  3 worms
  2 dart slugs (D:1)
  4 leopard geckos
  50 orcs
  4 ball pythons
  3 giant cockroaches
  8 hobgoblins
  17 jackals
  2 quokkas
  7 bats
  4 frilled lizards
  5 goblins
  A goblin zombie (D:9)
  A jackal skeleton (D:5)
  13 kobolds
  A leopard gecko skeleton (D:4)
  An orc skeleton (D:4)
  2 orc zombies (D:9)
  8 rats
224 creatures vanquished.

Vanquished Creatures (others)
  An orc warrior (D:7)
  An ufetubus (D:7)
2 creatures vanquished.

Grand Total: 226 creatures vanquished

Notes
Turn   | Place    | Note
-------+----------+-------------------------------------------
     0 | D:1      | lunkers the Hill Orc Necromancer began the quest for the
                  | Orb.
     0 | D:1      | Reached XP level 1. HP: 14/14 MP: 3/3
   354 | D:1      | Reached XP level 2. HP: 17/20 MP: 1/4
  1057 | D:1      | Reached XP level 3. HP: 22/26 MP: 1/5
  1631 | D:2      | Reached skill level 5 in Necromancy
  1708 | D:2      | Found a faded altar of an unknown god.
  1835 | D:2      | Found a sparkling altar of Nemelex Xobeh.
  2294 | D:2      | Noticed a sky beast
  2344 | D:2      | Killed a sky beast
  2345 | D:2      | Reached XP level 4. HP: 9/33 MP: 0/6
  2345 | D:2      | Reached XP level 5. HP: 11/38 MP: 0/7
  2942 | D:3      | Learned a level 3 spell: Vampiric Draining
  2942 | D:3      | Noticed a big kobold
  2943 | D:3      | Found a burning altar of Makhleb.
  2968 | D:3      | Found a transporter.
  3039 | D:3      | Reached skill level 1 in Fighting
  3679 | D:3      | Reached XP level 6. HP: 42/48 MP: 2/8
  3854 | D:3      | Found a transporter.
  4692 | D:4      | Found a glowing drain.
  4708 | Sewer    | Entered a sewer
  4832 | Sewer    | Noticed a water moccasin
  4842 | Sewer    | Killed a water moccasin
  4843 | Sewer    | Reached XP level 7. HP: 53/60 MP: 0/9
  5615 | D:4      | Reached skill level 5 in Fighting
  6004 | D:4      | Reached XP level 8. HP: 44/71 MP: 10/10
  6425 | D:4      | Learned a level 4 spell: Animate Dead
  6458 | D:5      | Entered Level 5 of the Dungeon
  6463 | D:5      | Found a transporter.
  6546 | D:5      | Found a transporter.
  6546 | D:5      | Noticed Ludicrosity's ghost (amateur DsIE)
  6547 | D:5      | Identified the +10 great mace "Unninunk" {freeze, *Corrode
                  | +Blink Dex+6}
  6637 | D:5      | Reached skill level 1 in Axes
  6784 | D:5      | Found Ogiqoff's Jewellery Boutique.
  6800 | D:5      | Reached skill level 2 in Axes
  6800 | D:5      | Reached skill level 1 in Shields
  6995 | D:5      | Reached skill level 3 in Axes
  7028 | D:5      | Found a transporter.
  7199 | D:5      | Reached skill level 4 in Axes
  7370 | D:5      | Found a transporter.
  7387 | D:5      | Found a staircase to the Ecumenical Temple.
  7494 | D:5      | Found a blossoming altar of Fedhas.
  7651 | D:5      | Found an ornate altar of the Wu Jian Council.
  7824 | Temple   | Entered the Ecumenical Temple
  7934 | Temple   | Became a worshipper of Ru the Awakened
  8250 | D:6      | Found a hide-covered altar of Uskayaw.
  8302 | D:6      | Reached skill level 5 in Axes
  8720 | D:6      | Reached skill level 6 in Axes
  8720 | D:6      | Reached XP level 9. HP: 49/81 MP: 2/11
  8957 | D:6      | Reached skill level 7 in Axes
  9109 | D:6      | Found a glowing golden altar of the Shining One.
 10009 | D:7      | Found an ancient bone altar of Kikubaaqudgha.
 10190 | D:7      | Reached skill level 8 in Axes
 10241 | D:7      | Gained mutation: You are somewhat inexperienced. (-2 XL)
                  | [Ru sacrifice]
 10241 | D:7      | Reached XP level 8. HP: 70/75 MP: 10/10
 10241 | D:7      | Reached XP level 7. HP: 69/69 MP: 9/9
 10241 | D:7      | Reached * piety under Ru
 10241 | D:7      | Reached ** piety under Ru
 10278 | D:7      | Found a basalt altar of Yredelemnul.
 10385 | D:7      | Found Tigowkiu's Antique Armour Shoppe.
 10617 | D:7      | Reached skill level 9 in Axes
 10617 | D:7      | Reached XP level 8. HP: 70/77 MP: 8/10
 10720 | D:7      | Identified the Compendium of Earth
 10804 | D:7      | Found an iron altar of Okawaru.
 10805 | D:7      | Found a broken altar of Ashenzari.
 11817 | D:8      | Reached skill level 10 in Axes
 12911 | D:9      | Noticed Erica
 12920 | D:9      | Killed Erica
 12921 | D:9      | Reached skill level 10 in Fighting
 12921 | D:9      | Reached skill level 11 in Axes
 12921 | D:9      | Reached XP level 9. HP: 75/85 MP: 5/11
 13261 | D:9      | Slain by a shadow

Illustrated notes

Levels and vault maps discovered:
D:1:      dpeg_arrival_radiant, layout_basic, chequers_serial_rivers_micro_e
D:2:      layout_loops_ring, old_standard_altar, chequers_ecumenical_altar_grove
D:3:      layout_basic, gammafunk_temple_overflow_arena
D:4:      layout_loops_cross, cheibrodos_sewer_entry_sluice,
          nicolae_ossuary_entry_catacombs
D:5:      gammafunk_cloud_chamber, layout_rooms, old_standard_altar,
          minmay_temple_entry_poolview, serial_shops, shop,
          gammafunk_ghost_smash, fedhas_altar_4
D:6:      minmay_chambers_of_sixes, layout_loops_ring, kennysheep_mini_moat,
          basic_altar
D:7:      layout_basic, nicolae_overflow_hidden_temple, kiku_gazebo_pond_becter,
          gammafunk_temple_overflow_pools, serial_shops, kennysheep_little_box,
          st_stairs_2
D:8:      layout_basic, minmay_fountain_box
D:9:      layout_basic, zombieorc2_lemuel, kb_lookout_dungeons_type, uniq_erica,
          uniq_maggie, uniq_harold
Temple:   jpeg_temple_clearing

Skill      XL: |  1  2  3  4  5  6  7  8  9 |
---------------+----------------------------+-----
Necromancy     | 6 7 8 |  8.0
Fighting       | 2 4 6 10 8 | 10.1
Axes           | 9 11 8 | 11.5
Shields        | 3 4 |  4.0
Dodging        | |  1.5
Stealth        | |  1.5
Spellcasting   | |  1.5

Action                   |  1- 3 |  4- 6 |  7- 9 || total
-------------------------+-------+-------+-------++-------
Melee: Unarmed           |    12 |    10 |       ||    22
       War axe           |       |     5 |   432 ||   437
 Cast: Pain              |    73 |   122 |   186 ||   381
       Vampiric Draining |       |       |    18 ||    18
Invok: Sacrifice Experie |       |       |     1 ||     1
Evoke: Wand              |       |       |     1 ||     1
  Use: Scroll            |       |       |    26 ||    26
 Stab: Sleeping          |       |       |     2 ||     2
       Paralysed         |       |       |     3 ||     3
Armor: Robe              |     4 |    13 |   188 ||   205
       Leather armour    |       |       |    21 ||    21
Dodge: Dodged            |    14 |    42 |   303 ||   359
Block: Buckler           |       |       |    91 ||    91

Table legend: (Time is in decaauts)
 A = Elapsed time spent in this place.
 B = Non-inter-level travel time spent in this place.
 C = Inter-level travel time spent in this place.
 D = Time resting spent in this place.
 E = Time spent auto-exploring this place.
 F = Levels seen in this place.
 G = Mean time per level.
                   A        B        C        D        E       F      G
               +--------+--------+--------+--------+--------+-----+--------+
         Total |  13379 |  12999 |    380 |    793 |  10040 |  11 | 1216.3 |
       Dungeon |  12980 |  12625 |    355 |    758 |   9798 |   9 | 1442.2 |
        Temple |    131 |    107 |     24 |      0 |     67 |   1 |  131.0 |
         Sewer |    267 |    267 |      0 |     35 |    175 |   1 |  267.0 |
               +--------+--------+--------+--------+--------+-----+--------+

Top non-repeatable levels by time:
     D:6: 2011 daAuts
     D:4: 1694 daAuts
     D:3: 1665 daAuts
     D:1: 1620 daAuts
     D:5: 1448 daAuts
     D:7: 1424 daAuts
     D:8: 1359 daAuts
     D:2: 1268 daAuts
     D:9: 487 daAuts
   Sewer: 267 daAuts
  Temple: 131 daAuts
